 Dungeon Crawl Stone Soup version 0.23.2-40-g277498a001 (webtiles) character file.

Game seed: 10215747160337308641

1544 Rickard the Carver (level 9, -1/65 HPs)
             Began as a Human Fighter on May 23, 2019.
             Succumbed to a gnoll's poison
             ... on level 6 of the Dungeon on Oct 26, 2019.
             The game lasted 00:22:26 (6196 turns).

Rickard the Carver (Human Fighter)                  Turns: 6196, Time: 00:22:26

Health: -1/65      AC:  8    Str: 17    XL:     9   Next: 11%
Magic:  9/9        EV:  7    Int: 10    God:
Gold:   315        SH:  9    Dex: 14    Spells: 8/8 levels left

rFire    . . .     SeeInvis .   a - +1 long sword
rCold    . . .     Gourm    .   c - +0 shield
rNeg     . . .     Faith    .   b - +0 scale mail
rPois    .         Spirit   .   (no helmet)
rElec    .         Reflect  .   y - +0 cloak
rCorr    .         Harm     +   (no gloves)
MR       .....                  (no boots)
Stlth    ..........             i - amulet of harm
HPRegen  0.20/turn              (no ring)
MPRegen  0.11/turn              (no ring)

@: lethally poisoned (-1 -> -59)
A: no striking features
a: no special abilities


You were on level 6 of the Dungeon.
You were not hungry.

You visited 2 branches of the dungeon, and saw 7 of its levels.

You collected 315 gold pieces.

Inventory:

Hand Weapons
 a - a +1 long sword (weapon)
Armour
 b - a +0 scale mail (worn)
 c - a +0 shield (worn)
 j - a -2 helmet
 y - a +0 cloak (worn)
 B - a +2 large shield
Jewellery
 e - an uncursed ring of stealth
 i - an amulet of harm (around neck)
 n - an uncursed amulet of rage
 r - an uncursed amulet of the acrobat
 x - an uncursed ring of wizardry
Wands
 C - a wand of paralysis (12)
 D - a wand of iceblast (8)
Scrolls
 g - a scroll of fear
 h - 2 scrolls of identify
 l - 2 scrolls of amnesia {unknown}
 m - 3 scrolls of teleportation
 s - a scroll of immolation {unknown}
 t - 3 scrolls of remove curse
 w - a scroll of enchant armour {unknown}
 z - 3 scrolls of magic mapping
Potions
 d - a potion of mutation {unknown}
 k - a potion of magic {unknown}
 o - a potion of cancellation
 p - a potion of degeneration {unknown}
 q - a potion of heal wounds {unknown}
 u - a potion of curing {unknown}
 v - a potion of resistance {unknown}
 E - a potion of agility {unknown}
Comestibles
 f - 8 rations


   Skills:
 - Level 3.6 Fighting
 + Level 10.1 Long Blades
 - Level 3.5 Armour
 - Level 0.5 Dodging
 - Level 0.1 Stealth
 + Level 3.9 Shields
 - Level 0.8 Evocations


You had 8 spell levels left.
You didn't know any spells.
Your spell library contained the following spells:

 Spells                   Type           Power        Failure   Level  Hunger
 Beastly Appendage        Tmut           #.....       99%         1    ##.....
 Sticks to Snakes         Tmut           #.......     100%        2    ###....
 Spider Form              Tmut/Pois      #.........   100%        3    ####...
 Ice Form                 Ice/Tmut       #.......     100%        4    #####..
 Blade Hands              Tmut           #.........   100%        5    ######.


Dungeon Overview and Level Annotations

Branches:
Dungeon (6/15)             Temple (1/1) D:6

Altars:
Cheibriados
Dithmenos
Elyvilon
Fedhas
Gozag
Hepliaklqana
Kikubaaqudgha
Makhleb
Nemelex Xobeh
Qazlal
Ru
Trog
Vehumet
Xom
The Shining One

Annotations:
D:6 1 transporter


Message History

* * * LOW HITPOINT WARNING * * *
You feel very sick.
The gnoll throws a stone.
The stone hits you but does no damage.
There is a transporter landing site here.
Things that are here:
a throwing net; 2 stones
* * * LOW HITPOINT WARNING * * *
You feel very sick. The gnoll barely misses you.
* * * LOW HITPOINT WARNING * * *
You feel very sick. The gnoll hits you but does no damage.
You are more poisoned.
Found a transporter.
There is an open translucent door here.
It was a potion of cancellation.
Your magical effects are unravelling.
You feel magically purged.
You feel a little less mighty now.
You die...

......# #. ####### ..
.#≈≈.# #. #. ###≈≈.# #. #.
..≈≈.# #. ##. ##.≈≈.# #. .
.. .#.≈≈.# ## .≈≈ #.#####
##.≈≈.#
.≈≈..#.#8⌠8#.#.....##
.≈≈.o#.@.g(gg#©.....####
.≈≈..#%#P.P#g#.........# #.
.≈≈.##.##g##.##.≈≈......
#.#.≈≈.#©. P..#gg#.≈≈..##.#
#.#.≈≈.##.#⌠.⌠#.##.≈≈..##..
#.#.≈≈..#.#P.P#.#..≈≈..##..
#.#.≈≈###.##'##.###≈≈..####
#.#.≈≈#..........g#≈≈..#
#...≈≈#$.###.###.g#≈≈..#


You could see a gnoll sergeant, an orc wizard and 4 gnolls.

Vanquished Creatures
  Menkaure (D:4)
  Edmund (D:4)
  2 sky beasts
  A black bear (D:5)
  3 phantoms
  A centaur (D:6)
  A big kobold (D:4)
  A gnoll sergeant (D:6)
  3 howler monkeys
  A crimson imp (D:5)
  An orc priest (D:6)
  An orc wizard (D:6)
  A centaur skeleton (D:6)
  Terence (D:3)
  An iguana (D:6)
  A worker ant (D:5)
  Robin (D:2)
  12 adders
  3 gnolls
  An adder skeleton (D:4)
  3 worms
  2 dart slugs
  2 leopard geckos
  10 orcs
  3 giant cockroaches
  17 goblins
  8 hobgoblins
  13 jackals
  A quokka (D:3)
  6 bats
  8 frilled lizards
  9 kobolds
  A leopard gecko zombie (D:6)
  4 rats
125 creatures vanquished.

Vanquished Creatures (others)
  A plant (D:6)
1 creature vanquished.

Grand Total: 126 creatures vanquished

Notes
Turn   | Place    | Note
-------+----------+-------------------------------------------
     0 | D:1      | Rickard the Human Fighter began the quest for the Orb.
     0 | D:1      | Reached XP level 1. HP: 18/18 MP: 1/1
   149 | D:1      | Reached XP level 2. HP: 3/24 MP: 2/2
   521 | D:1      | Reached XP level 3. HP: 29/29 MP: 3/3
   889 | D:1      | Found a sparkling altar of Nemelex Xobeh.
  1254 | D:2      | Reached XP level 4. HP: 34/35 MP: 4/4
  1506 | D:2      | Reached skill level 3 in Long Blades
  2083 | D:2      | Reached XP level 5. HP: 28/41 MP: 5/5
  2101 | D:2      | Noticed Robin
  2114 | D:2      | Killed Robin
  2500 | D:3      | Found a shimmering altar of Xom.
  2501 | D:3      | Found an ancient bone altar of Kikubaaqudgha.
  2501 | D:3      | Found a snail-covered altar of Cheibriados.
  2515 | D:3      | Noticed Terence
  2534 | D:3      | Killed Terence
  2534 | D:3      | Reached skill level 4 in Long Blades
  2768 | D:3      | Reached XP level 6. HP: 33/48 MP: 6/6
  3528 | D:4      | Reached skill level 5 in Long Blades
  3539 | D:4      | Noticed a phantom
  3574 | D:4      | Killed a phantom
  3623 | D:4      | Upgraded the game from 0.23.2-1-ga50397a6bc to
                  | 0.23.2-40-g277498a001
  3746 | D:4      | Noticed Menkaure
  3799 | D:4      | Reached skill level 6 in Long Blades
  3799 | D:4      | Reached XP level 7. HP: 18/53 MP: 7/7
  3803 | D:4      | Killed Menkaure
  4073 | D:4      | Noticed Edmund
  4086 | D:4      | Killed Edmund
  4086 | D:4      | Reached skill level 7 in Long Blades
  4260 | D:5      | Entered Level 5 of the Dungeon
  4266 | D:5      | Reached XP level 8. HP: 49/60 MP: 8/8
  4392 | D:5      | Found a burning altar of Makhleb.
  4425 | D:5      | Reached skill level 8 in Long Blades
  5165 | D:5      | Reached skill level 9 in Long Blades
  5534 | D:6      | Found a staircase to the Ecumenical Temple.
  5559 | Temple   | Entered the Ecumenical Temple
  5827 | D:6      | Reached XP level 9. HP: 65/65 MP: 9/9
  5828 | D:6      | Noticed a two-headed ogre
  6168 | D:6      | Found a transporter.
  6191 | D:6      | Reached skill level 10 in Long Blades
  6195 | D:6      | Found a transporter.
  6196 | D:6      | Succumbed to a gnoll's poison

Skill      XL: |  1  2  3  4  5  6  7  8  9 |
---------------+----------------------------+-----
Long Blades    | 3 4 6 7 9 10 | 10.1
Fighting       | |  3.6
Armour         | |  3.5
Dodging        | |  0.5
Stealth        | |  0.1
Shields        | |  3.9
Evocations     | |  0.8

Action                   |  1- 3 |  4- 6 |  7- 9 || total
-------------------------+-------+-------+-------++-------
Melee: Long sword        |   130 |   244 |   182 ||   556
Evoke: Wand              |       |       |     4 ||     4
  Use: Scroll            |     1 |     5 |     4 ||    10
       Potion            |       |     1 |     3 ||     4
  Eat: Chunk             |       |     7 |     3 ||    10
       Ration            |       |     1 |     2 ||     3
Armor: Scale mail        |    62 |    90 |    57 ||   209
Dodge: Dodged            |    34 |    77 |    30 ||   141
Block: Shield            |    84 |    96 |    64 ||   244
       Rpst.: Long sword |    10 |    25 |    11 ||    46
